 Dungeon Crawl Stone Soup version 0.31-a0-542-gdc2a67831c (webtiles) character file.

Game seed: 17902262201343604659

1816 arthad the Shield-Bearer (level 9, -8/66 (67) HPs)
             Began as a Gnoll Wanderer on Aug 14, 2023.
             Was an Initiate of Gozag.
             Killed by an exploding wight (70 damage)
             ... ignited by their inner flame
             ... on level 6 of the Dungeon.
             The game lasted 00:16:39 (4833 turns).

arthad the Shield-Bearer (Gnoll Wanderer)           Turns: 4833, Time: 00:16:39

HP:   -8/66 (67)    AC: 18    Str: 12    XL:     9   Next: 10%
MP:   18/18         EV:  9    Int: 18    God:    Gozag
Gold: 489           SH:  9    Dex: 12    Spells: 19/20 levels left

rFire   x . .        Q - +2 short sword (venom)
rCold   + . .        c - +3 buckler
rNeg    . . .        w - +4 scale mail
rPois   .            r - +0 hat of the Game Afoot {Int+3}
rElec   .            N - +0 cloak
rCorr   .            G - +0 pair of gloves
SInv    .            v - +0 pair of boots
Will    .....        z - amulet of regeneration
Stlth   +            i - ring of ice
HPRegen 1.11/turn    y - +4 ring of protection
MPRegen 0.16/turn

%: no passive effects
@: gold aura, hasted, lightly drained, very quick
A: fangs 1, strong nose, distributed training
a: Renounce Religion, Potion Petition, Call Merchant, Bribe Branch


You were on level 6 of the Dungeon.
You worshipped Gozag.
Gozag was aware of your devotion.
You visited 2 branches of the dungeon, and saw 7 of its levels.

You collected 553 gold pieces.
You paid 64 gold pieces to Gozag.

Inventory:

Hand Weapons
 a - a +0 dagger
 k - a +0 war axe
 C - a +3 dagger
 K - a +0 antimagic dagger
 L - a +1 trident of venom
 M - a +1 short sword of draining
 Q - a +2 short sword of venom (weapon)
Missiles
 b - 6 boomerangs (quivered)
 j - 9 poisoned darts
 J - 3 atropa-tipped darts
Armour
 c - a +3 buckler (worn)
 e - a +0 robe
 h - a +1 helmet
 r - the +0 hat of the Game Afoot (worn) {Int+3}
   (You found it on level 2 of the Dungeon)

   Int+3:     It affects your intelligence (+3).
 v - a +0 pair of boots (worn)
 w - a +4 scale mail (worn)
 G - a +0 pair of gloves (worn)
 N - a +0 cloak (worn)
 O - a +1 leather armour of poison resistance
Jewellery
 i - a ring of ice (left hand)
 y - a +4 ring of protection (right hand)
 z - an amulet of regeneration (around neck)
 D - a ring of wizardry
Wands
 B - a wand of flame (13)
Scrolls
 f - a scroll of poison
 g - a scroll of noise
 m - a scroll of fear
 p - 2 scrolls of enchant armour
 q - a scroll of amnesia {unknown}
 t - 2 scrolls of identify {unknown}
 E - a scroll of fog {unknown}
 H - a scroll of blinking {unknown}
 I - a scroll of revelation {unknown}
Potions
 d - a potion of haste
 l - a potion of brilliance {unknown}
 n - a potion of berserk rage
 s - 2 potions of lignification {unknown}
 u - a potion of invisibility {unknown}
 x - 3 potions of curing
 A - a potion of heal wounds {unknown}
 F - 2 potions of degeneration {unknown}
 P - a potion of attraction {unknown}


   Skills:
 + Level 4.8 Fighting
 + Level 4.0 Short Blades
 + Level 4.0 Long Blades
 + Level 4.0 Axes
 + Level 4.0 Maces & Flails
 + Level 4.0 Polearms
 + Level 4.0 Staves
 + Level 4.0 Ranged Weapons
 + Level 7.7 Throwing
 + Level 4.0 Armour
 + Level 4.0 Dodging
 + Level 4.0 Stealth
 + Level 7.7 Shields
 + Level 4.0 Unarmed Combat
 + Level 6.4 Spellcasting
 + Level 3.2 Conjurations
 + Level 3.2 Hexes
 + Level 3.2 Summonings
 + Level 3.2 Necromancy
 + Level 3.2 Translocations
 + Level 3.2 Transmutations
 + Level 3.2 Fire Magic
 + Level 4.0 Ice Magic
 + Level 3.2 Air Magic
 + Level 3.2 Earth Magic
 + Level 3.2 Poison Magic
 + Level 4.4 Invocations
 + Level 4.0 Evocations
 + Level 3.2 Shapeshifting


You had 19 spell levels left.
You knew the following spells:

 Your Spells              Type           Power      Damage    Failure   Level
a - Freeze                Ice            100%       1d10      14%         1

Your spell library contained the following spells:

 Spells                   Type           Power      Damage    Failure   Level
 Apportation              Tloc           34%        N/A       19%         1
 Necrotise                Necr           68%        1d7       19%         1
 Sting                    Tmut/Pois      68%        1d6       19%         1
 Summon Small Mammal      Summ           68%        N/A       19%         1
 Poisonous Vapours        Pois/Air       34%        N/A       28%         2
 Ozocubu's Armour         Ice            30%        N/A       38%         3
 Gell's Gravitas          Tloc           17%        N/A       50%         3
 Teleport Other           Tloc           17%        N/A       50%         3
 Olgreb's Toxic Radiance  Pois           17%        N/A       88%         4
 Dispersal                Tloc           8%         N/A       100%        6
 Haunt                    Necr/Summ      8%         N/A       100%        7
 Ozocubu's Refrigeration  Ice            15%        4d10      100%        7
 Infestation              Necr           8%         N/A       100%        8
 Polar Vortex             Ice            15%        12d2*     100%        9
 Animate Dead             Necr           Unusable   N/A       N/A         4
 Simulacrum               Ice/Necr       Unusable   N/A       N/A         6

Dungeon Overview and Level Annotations

Branches:
Dungeon (6/15)             Temple (1/1) D:4

Altars:
Ashenzari
Cheibriados
Fedhas
Gozag
Makhleb
Nemelex Xobeh
Okawaru
Qazlal
Ru
Sif Muna
Trog
Xom
The Shining One

Shops:
D:1 *

Annotations:
D:5 2 transporters, RoseCult's ghost, amateur DEEE


Innate Abilities, Weirdness & Mutations

You have very sharp teeth.
Your uncanny sense of smell can sniff out nearby items.
Your experience applies equally to all skills.


Message History

You hit the wight. You bite the wight, but do no damage.
The wight is moderately damaged.
The wight hits you but does no damage.
You closely miss the wight.
The wight is moderately damaged.
The wight hits you but does no damage.
Okay, then.
As you read the scroll labelled PUATRY UKLA, it crumbles to dust.
It is a scroll of enchant armour.
Your +2 buckler glows green for a moment.
The wight hits you from afar with a +0 trident!
The wight hits you but does no damage.
As you read the scroll labelled VUTELE LIMP, it crumbles to dust.
The creatures around you are filled with an inner flame!
It was a scroll of immolation.
You block the wight's attack. The wight hits you but does no damage.
Okay, then.
You feel yourself speed up. The wight completely misses you.
You block the wight's attack.
Aiming: Throw Flame
Press: ? - help, Shift-Dir - straight line, f - wight
Aim: a wight, wielding a +0 mace and wearing a +0 robe (moderately damaged, inner flame, 71% to hit)
The puff of flame misses the wight.
The puff of flame hits the wight.
Flame seeps out of the wight.
The wight is lightly damaged.
The wight is engulfed in blazing flames.
Flame seeps out of the wight.
The wight hits you but does no damage. x2
You hit the wight but do no damage.
Flame seeps out of the wight.
You bite the wight.
The wight is moderately damaged.
You puncture the wight!
Flame seeps out of the wight.
The wight is severely damaged.
The wight is engulfed in blazing flames.
Flame seeps out of the wight.
The wight misses you.
The wight is engulfed in blazing flames.
The wight explodes!
The fiery explosion engulfs you!!! The fire burns you terribly!
Ouch! That really hurt!
You die...
Your body crumbles into a pile of gold.

## . #. . #. # ##.## # ...#
######### ..# ........# #.#
#####>.
##......######.####z..$...
##..........[...@○zz.$....
##...>..#.##.#..###...$...
..#.....#.##....########..
.#.....##.##.##.......#
#..###.##[##.##.#####.#
...###.##.......#####.##
....#........##.##.....
##..#<.####..##.##.##.# #
##.....####..##.##.##.########
#


You could see 3 wights.

Vanquished Creatures
  2 water moccasins
  An orc warrior (D:6)
  A black bear (D:4)
  2 phantoms
  A bullfrog (D:6)
  3 scorpions
  2 wights
  3 howler monkeys
  2 hounds
  A jelly (D:4)
  10 orc priests
  A gnoll bouda (D:4)
  5 iguanas
  4 orc wizards
  5 gnolls
  6 adders
  2 dart slugs (D:1)
  23 orcs
  7 ball pythons
  7 bats
  9 endoplasms
  4 giant cockroaches
  6 hobgoblins
  7 jackals
  A quokka (D:4)
  5 frilled lizards
  14 goblins
  9 kobolds
  4 rats
147 creatures vanquished.

Notes
Turn   | Place    | Note
-------+----------+-------------------------------------------
     0 | D:1      | arthad the Gnoll Wanderer began the quest for the Orb.
     0 | D:1      | arthad set off with the following items: a +0 dagger, 8
                  | boomerangs, a +2 buckler, a potion of haste, a +0 robe; and
                  | the following spell memorised: Freeze; and the following
                  | spells available to memorise: Ozocubu's Armour.
     0 | D:1      | Reached XP level 1. HP: 17/17 MP: 6/6
   128 | D:1      | Reached XP level 2. HP: 23/23 MP: 7/7
   256 | D:1      | Found Kicsu's General Store.
   309 | D:1      | Reached XP level 3. HP: 17/28 MP: 6/9
   310 | D:1      | Reached skill level 5 in Spellcasting
   554 | D:1      | Reached skill level 1 in Invocations
   875 | D:2      | Identified the +0 hat of the Game Afoot {Int+3}
   928 | D:2      | Reached skill level 1 in Short Blades
   928 | D:2      | Reached skill level 1 in Long Blades
   928 | D:2      | Reached skill level 1 in Axes
   928 | D:2      | Reached skill level 1 in Maces & Flails
   928 | D:2      | Reached skill level 1 in Polearms
   928 | D:2      | Reached skill level 1 in Staves
   928 | D:2      | Reached skill level 1 in Ranged Weapons
   928 | D:2      | Reached skill level 1 in Armour
   928 | D:2      | Reached skill level 1 in Dodging
   928 | D:2      | Reached skill level 1 in Stealth
   928 | D:2      | Reached skill level 1 in Unarmed Combat
   928 | D:2      | Reached skill level 1 in Evocations
   962 | D:2      | Reached XP level 4. HP: 25/34 MP: 6/11
  1222 | D:2      | Reached skill level 1 in Conjurations
  1222 | D:2      | Reached skill level 1 in Hexes
  1222 | D:2      | Reached skill level 1 in Summonings
  1222 | D:2      | Reached skill level 1 in Necromancy
  1222 | D:2      | Reached skill level 1 in Translocations
  1222 | D:2      | Reached skill level 1 in Transmutations
  1222 | D:2      | Reached skill level 1 in Fire Magic
  1222 | D:2      | Reached skill level 1 in Air Magic
  1222 | D:2      | Reached skill level 1 in Earth Magic
  1222 | D:2      | Reached skill level 1 in Poison Magic
  1222 | D:2      | Reached skill level 1 in Shapeshifting
  1786 | D:3      | Found a faded altar of an unknown god.
  1855 | D:3      | Reached XP level 5. HP: 33/40 MP: 12/12
  2168 | D:3      | Reached XP level 6. HP: 43/47 MP: 13/13
  2331 | D:3      | Found a faded altar of an unknown god.
  2335 | D:3      | Found an iron altar of Okawaru.
  2590 | D:4      | Found a staircase to the Ecumenical Temple.
  2612 | Temple   | Entered the Ecumenical Temple
  2622 | Temple   | Became a worshipper of Gozag Ym Sagoz the Greedy
  2662 | D:4      | Noticed a water moccasin
  2677 | D:4      | Killed a water moccasin
  2678 | D:4      | Reached XP level 7. HP: 52/52 MP: 7/15
  2757 | D:4      | Found a snail-covered altar of Cheibriados.
  3285 | D:4      | Found a broken altar of Ashenzari.
  3856 | D:5      | Entered Level 5 of the Dungeon
  3891 | D:5      | Reached XP level 8. HP: 60/60 MP: 16/16
  4299 | D:5      | Noticed RoseCult's ghost (amateur DEEE)
  4314 | D:5      | Found a transporter.
  4322 | D:5      | Found a transporter.
  4632 | D:5      | Reached XP level 9. HP: 49/64 MP: 15/18
  4833 | D:6      | Killed by an exploding wight... ignited by their inner
                  | flame

Illustrated notes

Levels and vault maps discovered:
D:1:      giann_wishing_wells, layout_basic, serial_shops, shop,
          minmay_misc_feat_secret_circle, kennysheep_decorative_pillar
D:2:      layout_basic, grunt_ministairs_2, minmay_split_cup_small
D:3:      layout_basic, nicolae_overflow_ecumenical_swirl,
          nicolae_ecumenical_oubliette
D:4:      layout_basic, mainiacjoe_overflow_swirl, minmay_temple_entry_overgrown
D:5:      layout_rooms, gammafunk_ghost_arena
D:6:      layout_loops_cross, nzn_wu_jian_council_hall, serial_shops, shop,
          nicolae_alphabet_shops, minivault_26
Temple:   chequers_temple_sunken

Skill      XL: |  1  2  3  4  5  6  7  8  9 |
---------------+----------------------------+-----
Ice Magic      | 2 3 4 |  4.0
Spellcasting   | 5 6 |  6.4
Invocations    | 1 2 3 4 |  4.4
Short Blades   | 1 2 3 4 |  4.0
Long Blades    | 1 2 3 4 |  4.0
Axes           | 1 2 3 4 |  4.0
Maces & Flails | 1 2 3 4 |  4.0
Polearms       | 1 2 3 4 |  4.0
Staves         | 1 2 3 4 |  4.0
Ranged Weapons | 1 2 3 4 |  4.0
Armour         | 1 2 3 4 |  4.0
Dodging        | 1 2 3 4 |  4.0
Stealth        | 1 2 3 4 |  4.0
Unarmed Combat | 1 2 3 4 |  4.0
Evocations     | 1 2 3 4 |  4.0
Conjurations   | 1 2 3 |  3.2
Hexes          | 1 2 3 |  3.2
Summonings     | 1 2 3 |  3.2
Necromancy     | 1 2 3 |  3.2
Translocations | 1 2 3 |  3.2
Transmutations | 1 2 3 |  3.2
Fire Magic     | 1 2 3 |  3.2
Air Magic      | 1 2 3 |  3.2
Earth Magic    | 1 2 3 |  3.2
Poison Magic   | 1 2 3 |  3.2
Shapeshifting  | 1 2 3 |  3.2
Fighting       | 3 4 |  4.8
Throwing       | 7 |  7.7
Shields        | 7 |  7.7

Action                     |  1- 3 |  4- 6 |  7- 9 || total
---------------------------+-------+-------+-------++-------
  Melee: Dagger            |    12 |    73 |   245 ||   330
         Bite              |     1 |     6 |    28 ||    35
         Short sword       |       |       |     8 ||     8
  Throw: Boomerang         |    78 |   110 |   121 ||   309
         Dart              |       |     4 |     7 ||    11
   Cast: Freeze            |    23 |    11 |    19 ||    53
  Evoke: Wand              |       |     1 |     2 ||     3
    Use: Potion            |       |     1 |     3 ||     4
         Scroll            |       |       |     6 ||     6
 Armour: Robe              |     5 |       |       ||     5
         Scale mail        |       |    41 |   150 ||   191
  Dodge: Dodged            |    19 |    31 |    95 ||   145
  Block: Buckler           |    14 |    35 |   108 ||   157

Table legend: (Time is in decaauts)
 A = Elapsed time spent in this place.
 B = Non-inter-level travel time spent in this place.
 C = Inter-level travel time spent in this place.
 D = Time resting spent in this place.
 E = Time spent auto-exploring this place.
 F = Levels seen in this place.
 G = Mean time per level.
                   A        B        C        D        E       F      G
               +--------+--------+--------+--------+--------+-----+--------+
         Total |   4818 |   4527 |    291 |    105 |   3242 |   7 |  688.3 |
       Dungeon |   4796 |   4525 |    271 |    105 |   3242 |   6 |  799.3 |
        Temple |     21 |      2 |     19 |      0 |      0 |   1 |   21.0 |
               +--------+--------+--------+--------+--------+-----+--------+

Top non-repeatable levels by time:
     D:4: 1312 daAuts
     D:2: 1000 daAuts
     D:1: 765 daAuts
     D:3: 760 daAuts
     D:5: 658 daAuts
     D:6: 300 daAuts
  Temple: 21 daAuts
